 Dungeon Crawl Stone Soup version 0.31.0 (webtiles) character file.

Game seed: 3251058377913598644

340 qw the Shooter (level 6, -3/39 HPs)
             Began as a Gargoyle Hunter on Jan 19, 2024.
             Slain by a gnoll
             ... wielding a +0 spear of flaming
              (4 damage)
             ... on level 4 of the Dungeon.
             The game lasted 00:00:12 (2040 turns).

qw the Shooter (Gargoyle Hunter)                    Turns: 2040, Time: 00:00:13

Health: -3/39      AC:  9    Str: 14    XL:     6   Next: 56%
Magic:  6/6        EV: 11    Int: 10    God:
Gold:   96         SH:  0    Dex: 15    Spells: 5/5 levels left

rFire   . . .        a - +0 shortbow
rCold   . . .        (shield currently unavailable)
rNeg    + . .        e - +0 ring mail
rPois   inf          (no helmet)
rElec   +            (no cloak)
rCorr   .            (no gloves)
SInv    .            (no boots)
Will    .....        (no amulet)
Stlth   +            (no ring)
HPRegen 0.26/turn    (no ring)
MPRegen 0.10/turn

%: no passive effects
@: no status effects
A: sickness immunity, AC +4, negative energy resistance 1, electricity
resistance, torment resistance 1, petrification resistance
a: no special abilities


You were on level 4 of the Dungeon.
You visited 1 branch of the dungeon, and saw 4 of its levels.

You collected 96 gold pieces.


Innate Abilities, Weirdness & Mutations

You are immune to sickness and miasma.
Your stone body is resilient. (AC +4)
You are immune to poison.
You resist negative energy. (rN+)
You are resistant to electric shocks. (rElec)
You are resistant to unholy torment.
You are immune to petrification.


   Skills:
 - Level 4.3 Fighting
 + Level 6.6 Ranged Weapons
 - Level 1.4 Armour
 - Level 1.5 Dodging
 - Level 1.1 Stealth


You had 5 spell levels left.
You didn't know any spells.
Your spell library was empty.

Inventory:

Hand Weapons
 a - a +0 shortbow (weapon)
Armour
 e - a +0 ring mail (worn)
Scrolls
 f - a scroll of teleportation

Dungeon Overview and Level Annotations

Branches:
Dungeon (4/15)
 Temple: D:4-7

Altars:
Cheibriados

Shops:
D:2 (


Message History

Enter note:
Enter note:
Enter note:
Enter note:
Enter note:
Enter note:
Enter note:
Enter note: You shoot an arrow.
The arrow closely misses the gnoll.
The gnoll shouts!
The arrow hits the gnoll.
The gnoll is heavily wounded.
Enter note:
Enter note:
Enter note:
Enter note:
Enter note:
Enter note:
Enter note:
Enter note:
Enter note:
Enter note: You shoot an arrow.
The arrow barely misses the gnoll.
The arrow hits the gnoll.
The gnoll is severely wounded.
Enter note:
Enter note:
Enter note:
Enter note:
Enter note:
Enter note:
Enter note:
Enter note:
Enter note:
Enter note: You shoot an arrow.
The arrow hits the gnoll!
The gnoll is heavily wounded.
The gnoll hits you from afar with a +0 spear of flaming.
The gnoll burns you. The gnoll hits you with a +0 club. x2
The gnoll hits you from afar with a +0 spear of flaming.
You die...

.00.0.......0.0
...........0.0.
...............
0..............
...............
%..........0...
..........0....
.......@g.....0
..0....).....0.
.00....g......0
######8g8######
..... ...####
... ....


You could see 3 gnolls.

Vanquished Creatures
  A scorpion (D:4)
  A howler monkey (D:4)
  An orc priest (D:3)
  2 orc wizards (D:3)
  Natasha (D:4)
  6 gnolls
  3 ribbon worms (D:2)
  6 orcs (D:3)
  6 endoplasms
  2 giant cockroaches
  4 goblins
  5 hobgoblins
  2 quokkas
  7 ball pythons
  8 bats
  A frilled lizard (D:1)
  8 kobolds
  4 rats
68 creatures vanquished.

Vanquished Creatures (others)
  A hobgoblin (D:4)
1 creature vanquished.

Grand Total: 69 creatures vanquished

Notes
Turn   | Place    | Note
-------+----------+-------------------------------------------
     0 | D:1      | qw the Gargoyle Hunter began the quest for the Orb.
     0 | D:1      | Reached XP level 1. HP: 12/12 MP: 1/1
     0 | D:1      | 0 ||| qw: Version: 0.3-a-132-g3d54051
     0 | D:1      | 0 ||| qw: Game counter: 415
     0 | D:1      | 0 ||| qw: Melee chars always use a shield: true
     0 | D:1      | 0 ||| qw: God list: Okawaru
     0 | D:1      | 0 ||| qw: Allow faded altars: false
     0 | D:1      | 0 ||| qw: Do Orc after clearing Dungeon:15 true
     0 | D:1      | 0 ||| qw: Do second Lair branch before Depths: true
     0 | D:1      | 0 ||| qw: Lair rune preference: random
     0 | D:1      | 0 ||| qw: Goals: Normal
     0 | D:1      | 0 ||| PLANNING D:1-11
   118 | D:1      | Found a faded altar of an unknown god.
   201 | D:1      | Reached XP level 2. HP: 13/17 MP: 2/2
   430 | D:1      | Reached XP level 3. HP: 21/21 MP: 3/3
   632 | D:1      | 632 ||| READING scroll labelled PAITHY TOELL.
   633 | D:1      | 633 ||| READING scroll labelled XIOPAZOEGEUXT.
   636 | D:1      | 636 ||| READING scroll labelled GUIDYHEO YDAZ.
   636 | D:1      | 636 ||| IDENTIFYING scroll labelled HACHUST KIGG
   637 | D:1      | 637 ||| READING scroll labelled CAMOLI MIDIAW.
   638 | D:1      | 638 ||| DROPPING scroll of butterflies.
   639 | D:1      | 639 ||| DROPPING scroll of amnesia.
   666 | D:2      | Reached skill level 5 in Ranged Weapons
   779 | D:2      | Found Keosm's Weapon Boutique.
   837 | D:2      | 837 ||| FLEEEEING.
   847 | D:2      | 847 ||| FLEEEEING.
   889 | D:2      | Found a snail-covered altar of Cheibriados.
  1024 | D:2      | Reached skill level 3 in Fighting
  1028 | D:2      | 1028 ||| FLEEEEING.
  1029 | D:2      | 1029 ||| FLEEEEING.
  1031 | D:2      | 1031 ||| FLEEEEING.
  1032 | D:2      | 1032 ||| FLEEEEING.
  1035 | D:2      | 1035 ||| FLEEEEING.
  1036 | D:2      | 1036 ||| FLEEEEING.
  1037 | D:2      | 1037 ||| FLEEEEING.
  1038 | D:2      | 1038 ||| FLEEEEING.
  1039 | D:2      | 1039 ||| FLEEEEING.
  1040 | D:2      | 1040 ||| FLEEEEING.
  1041 | D:2      | 1041 ||| FLEEEEING.
  1042 | D:2      | 1042 ||| FLEEEEING.
  1043 | D:2      | 1043 ||| FLEEEEING.
  1044 | D:2      | 1044 ||| FLEEEEING.
  1045 | D:2      | 1045 ||| FLEEEEING.
  1048 | D:2      | 1048 ||| STAIRDANCE
  1064 | D:2      | 1064 ||| STAIRDANCE
  1260 | D:2      | Reached XP level 4. HP: 28/28 MP: 4/4
  1515 | D:3      | Reached XP level 5. HP: 29/32 MP: 5/5
  1556 | D:3      | Reached skill level 6 in Ranged Weapons
  1807 | D:3      | 1807 ||| UPGRADING to +0 ring mail.
  1817 | D:3      | 1817 ||| DROPPING +0 leather armour.
  1818 | D:3      | 1818 ||| READING scroll of identify.
  1818 | D:3      | 1818 ||| IDENTIFYING dark potion
  1819 | D:3      | 1819 ||| READING scroll labelled QAOFYVANOWN.
  1820 | D:3      | 1820 ||| FLEEEEING.
  1930 | D:3      | 1930 ||| READING scroll labelled CAUPALULIA.
  1931 | D:3      | 1931 ||| DROPPING potion of degeneration.
  1953 | D:4      | Noticed Natasha
  1959 | D:4      | Killed Natasha
  1960 | D:4      | Reached skill level 1 in Armour
  1974 | D:4      | Reached XP level 6. HP: 39/39 MP: 6/6
  2013 | D:4      | 2013 ||| RETREEEEATING.
  2016 | D:4      | 2016 ||| RETREEEEATING.
  2017 | D:4      | 2017 ||| RETREEEEATING.
  2018 | D:4      | 2018 ||| RETREEEEATING.
  2019 | D:4      | 2019 ||| RETREEEEATING.
  2020 | D:4      | 2020 ||| RETREEEEATING.
  2021 | D:4      | 2021 ||| RETREEEEATING.
  2028 | D:4      | HP: 9/39 [gnoll/+0 halberd[a gnoll bouda] (1)]
  2029 | D:4      | 2029 ||| READING 2 scrolls of teleportation.
  2040 | D:4      | HP: 8/39 [gnoll/+0 spear of flaming (4)]
  2040 | D:4      | HP: 1/39 [gnoll/+0 club (3)]
  2040 | D:4      | Slain by a gnoll

Levels and vault maps discovered:
D:1:      roderic_crossed_star, layout_basic,
          dreamdust_ecumenical_altar_hidden_monk_grotto, minmay_tromino_v2
D:2:      layout_basic, basic_altar, serial_curves, eino_curves_03,
          eino_curves_01, serial_shops, nicolae_shop_bloodbath_and_beyond
D:3:      layout_rooms
D:4:      kennysheep_kobold_camp, layout_cave_pools, lemuel_temple_firewalk_b,
          uniq_edmund, uniq_natasha

Skill      XL: |  1  2  3  4  5 |
---------------+----------------+-----
Ranged Weapons | 5 6 |  6.6
Fighting       | 3 4 |  4.3
Armour         | 1 |  1.4
Dodging        | |  1.5
Stealth        | |  1.1

Action                     |  1- 3 |  4- 6 || total
---------------------------+-------+-------++-------
   Fire: Shortbow          |   162 |   103 ||   265
    Use: Scroll            |     4 |     4 ||     8
 Armour: Leather armour    |    50 |    15 ||    65
         Ring mail         |       |    19 ||    19
  Dodge: Dodged            |    54 |    21 ||    75

Table legend:
 A = Non-vault XP
 B = Vault XP
 C = Vault XP percentage of total XP
 D = Non-vault monster count
 E = Vault monster count
 F = Vault count percentage of total count
                 A         B        C        D         E       F
            +---------+---------+-------+---------+---------+-------
      Total |     447 |      39 |   8.0 |      65 |       3 |   4.4
            +---------+---------+-------+---------+---------+-------
        D:1 |      34 |       4 |  10.5 |      21 |       2 |   8.7
        D:2 |      81 |       0 |   0.0 |      21 |       0 |   0.0
        D:3 |     137 |       0 |   0.0 |      13 |       0 |   0.0
        D:4 |     195 |      35 |  15.2 |      10 |       1 |   9.1
            +---------+---------+-------+---------+---------+-------
